Map: [ESL] Hecate

Players

MaxPax - Winner!

  • Race: Protoss Protoss
  • Spawn Location: 7:00

MaNa

  • Race: Protoss Protoss
  • Spawn Location: 1:00

Event: ESL SC2 Masters 2023 Winter (Regional)

VOD

Have the link to the VOD?

Description

Time

  • Played on: Nov. 10, 2023, 10:41 a.m.
  • Length: 9:04

All games in this series

Show
View Real Time Build Order
Export as new Build Order

MaxPax Protoss - Winner!

Build Orders: 1 Gate Expand 

Get SALT Encoding   

  12  0:00  Probe  
  13  0:12  Probe  
  14  0:19  Pylon  
  14  0:24  Probe (Chrono Boost)  
  15  0:37  Gateway, Probe (Chrono Boost)  
  16  0:46  Assimilator, Probe (Chrono Boost)  
  17  0:51  Probe  
  18  1:03  Probe  
  19  1:16  Probe  
  20  1:23  Nexus  
  20  1:33  Cybernetics Core  
  20  1:37  Probe  
  21  1:43  Assimilator  
  21  1:49  Probe  
  21  1:53  Pylon  
  22  2:01  Probe  
  22  2:08  Adept (Chrono Boost)  
  23  2:13  Probe  
  23  2:15  Robotics Facility  
  26  2:21  Warp Gate  
  26  2:25  Probe  
  27  2:31  Stalker  
  29  2:38  Shield Battery, Probe  
  29  2:42  Probe  
  31  2:50  Probe  
  33  3:00  Immortal (Chrono Boost)  
  33  3:03  Sentry  
  38  3:06  Probe  
  39  3:15  Gateway  
  39  3:19  Shield Battery  
  39  3:32  Immortal (Chrono Boost)  
  43  3:44  Pylon  
  43  3:52  Shield Battery  
  44  3:56  Warp Prism (Chrono Boost)  
  44  4:01  Shield Battery  
  43  4:14  Sentry, Stalker  
  43  4:16  Shield Battery  
  47  4:26  Shield Battery  
  47  4:27  Immortal (Chrono Boost)  
  47  4:34  Probe  
  49  4:45  Stalker x2  
  53  4:49  Pylon  
  52  4:53  Probe  
  52  5:07  Immortal (Chrono Boost)  
  52  5:12  Adept  
  52  5:13  Stalker  
  60  5:20  Probe x2  
  62  5:22  Pylon  
  62  5:38  Immortal  
  66  5:45  Pylon  
  66  5:50  Phoenix  
  66  5:51  Stalker x2  
  70  5:59  Probe x2  
  70  6:03  Twilight Council  
  70  6:09  Pylon  
  70  6:11  Probe x2  
  70  6:19  Assimilator, Stalker  
  70  6:23  Probe, Stalker  
  75  6:26  Probe  
  75  6:32  Blink (Chrono Boost)  
  76  6:35  Probe  
  76  6:38  Probe  
  78  6:47  Probe  
  78  6:50  Probe  
  78  6:51  Gateway  
  78  6:52  Shield Battery  
  78  6:53  Pylon  
  80  6:55  Stalker  
  80  6:59  Pylon  
  82  7:02  Probe  
  83  7:10  Gateway  
  83  7:12  Stalker  
  83  7:14  Observer (Chrono Boost)  
  86  7:28  Nexus  
  86  7:32  Stalker  
  86  7:34  Probe x2  
  86  7:36  Assimilator  
  90  7:40  Dark Shrine, Stalker  
  92  7:46  Probe x2  
  92  7:47  Stalker  
  96  7:53  Pylon  
  92  7:58  Probe x2  
  95  8:10  Probe x2  
  95  8:11  Stalker x2  
  100  8:16  Stalker  
  102  8:22  Probe  
  102  8:24  Probe  
  102  8:32  Stalker  
  102  8:33  Observer  
  103  8:35  Probe  
  103  8:36  Stalker x2  
  104  8:53  Stalker  
  94  9:01  Stalker x3  
Show
View Real Time Build Order
Export as new Build Order

MaNa Protoss 

Build Orders:  

Get SALT Encoding   

  12  0:00  Probe  
  13  0:12  Probe  
  14  0:17  Pylon  
  14  0:24  Probe (Chrono Boost)  
  15  0:36  Probe (Chrono Boost)  
  15  0:37  Gateway  
  16  0:45  Probe (Chrono Boost)  
  16  0:47  Assimilator  
  17  0:51  Probe  
  18  1:03  Probe  
  19  1:04  Assimilator  
  19  1:10  Gateway  
  19  1:15  Probe  
  20  1:27  Cybernetics Core  
  20  1:28  Probe  
  20  1:32  Pylon  
  21  1:40  Probe  
  22  1:52  Probe  
  23  2:01  Gateway  
  23  2:02  Warp Gate (Chrono Boost)  
  23  2:04  Stalker x2  
  27  2:22  Pylon  
  27  2:33  Stalker  
  27  2:34  Stalker  
  31  2:42  Gateway  
  31  2:51  Stalker  
  31  2:58  Pylon  
  33  3:09  Pylon  
  33  3:15  Probe  
  34  3:30  Stalker x3  
  40  3:37  Sentry  
  40  3:39  Probe  
  41  3:51  Probe  
  41  3:54  Adept x2  
  46  4:03  Probe  
  46  4:09  Sentry  
  47  4:14  Stalker  
  45  4:21  Stalker  
  45  4:24  Probe  
  46  4:28  Pylon  
  44  4:44  Nexus  
  44  4:53  Probe, Adept  
  47  5:03  Stargate  
  47  5:13  Stargate  
  47  5:14  Probe  
  48  5:21  Pylon  
  48  5:27  Probe  
  49  5:30  Adept  
  51  5:39  Shield Battery, Probe  
  52  5:45  Pylon  
  52  5:57  Phoenix (Chrono Boost)  
  52  6:00  Phoenix (Chrono Boost)  
  52  6:01  Probe  
  56  6:04  Probe  
  56  6:07  Sentry  
  56  6:10  Adept  
  60  6:17  Shield Battery  
  60  6:22  Probe x2  
  62  6:34  Phoenix  
  62  6:35  Probe  
  62  6:37  Probe  
  62  6:39  Adept  
  68  6:40  Adept  
  68  6:44  Pylon  
  70  6:50  Pylon  
  70  6:58  Assimilator  
  70  7:00  Assimilator  
  70  7:02  Probe x2 (Chrono Boost), Phoenix  
  74  7:14  Probe x2 (Chrono Boost), Phoenix  
  78  7:20  Probe x2 (Chrono Boost)  
  80  7:28  Robotics Facility  
  78  7:31  Probe  
  78  7:32  Probe  
  80  7:37  Zealot  
  80  7:39  Phoenix  
  80  7:43  Pylon  
  84  7:51  Nexus  
  84  7:54  Pylon  
  84  7:59  Phoenix  
  84  8:05  Zealot  
  88  8:08  Probe x2  
  90  8:16  Stalker  
  84  8:32  Phoenix x2  
  92  8:38  Zealot  
  92  8:39  Zealot  
  95  8:47  Probe  
Tags
 
Add a new tag
Caveats
  • Supply blocks, unpowered buildings, or Contaminate may cause inaccurate times.
  • Supply counts are checked every 10 seconds.